 Dungeon Crawl Stone Soup version 0.20.0-15-g7f486f2 (webtiles) character file.

67 NoAnimeNoLife the Skirmisher (level 4, -5/28 HPs)
             Began as a Gargoyle Fighter on June 17, 2017.
             Slain by Sigmund
             ... wielding a +1 vampiric scythe
              (9 damage)
             ... on level 2 of the Dungeon.
             The game lasted 00:01:07 (1455 turns).

NoAnimeNoLife the Skirmisher (Gargoyle Fighter)     Turns: 1455, Time: 00:01:08

Health: -5/28      AC: 12    Str: 20    XL:     4   Next: 16%
Magic:  4/4        EV:  7    Int:  8    God:
Gold:   198        SH:  9    Dex: 10    Spells: 3/3 levels left

rFire    . . .     SeeInvis .   a - +0 war axe
rCold    . . .     Gourm    .   c - +0 shield
rNeg     + . .     Faith    .   b - +0 scale mail
rPois    ∞         Spirit   .   (no helmet)
rElec    +         Reflect  .   (no cloak)
rCorr    .         Harm     .   g - +1 pair of gloves
MR       .....                  (no boots)
Stlth    ..........             (no amulet)
Regen    0.1/turn               (no ring)
MPRegen  0.1/turn               (no ring)

@: no status effects
A: negative energy resistance 1, electricity resistance, unbreathing,
petrification resistance, rot immunity, AC +3
a: no special abilities


You were on level 2 of the Dungeon.
You were hungry.

You visited 1 branch of the dungeon, and saw 2 of its levels.

You collected 198 gold pieces.

Inventory:

Hand Weapons
 a - a +0 war axe (weapon)
Armour
 b - a +0 scale mail (worn)
 c - a +0 shield (worn)
 g - a +1 pair of gloves (worn)
Jewellery
 i - an uncursed ring of ice {unknown}
 s - a +3 ring of intelligence {unknown}
Scrolls
 h - a scroll of remove curse {unknown}
 l - a scroll of magic mapping {unknown}
 m - 2 scrolls of identify {unknown}
 n - a scroll of random uselessness {unknown}
 p - 2 scrolls of immolation {unknown}
Potions
 d - 2 potions of might
 e - 2 potions of ambrosia {unknown}
 j - a potion of resistance {unknown}
 k - 2 potions of curing {unknown}
 o - a potion of degeneration {unknown}
 q - 2 potions of flight {unknown}
Comestibles
 f - 2 bread rations
 r - a fruit


   Skills:
 - Level 3.5 Fighting
 + Level 3.5 Axes
 - Level 3.4 Armour
 - Level 3.4 Shields


You had 3 spell levels left.
You didn't know any spells.

Dungeon Overview and Level Annotations

Branches:
Dungeon (2/15)

Altars:

Annotations:
D:2 Sigmund


Innate Abilities, Weirdness & Mutations

You are resistant to torment.
Your stone body is resilient. (AC +3)
You are immune to poison.
You resist negative energy. (rN+)
You are resistant to electric shocks. (rElec)
You can survive without breathing.
You are immune to petrification.
You are immune to rotting.


Message History

You resist with some effort.
You bump into the rock wall.
Sigmund hits you with a vampiric scythe.
* * * LOW HITPOINT WARNING * * *
You bump into the rock wall.
You feel less confused.
You hit Sigmund.
Sigmund is heavily wounded.
You block Sigmund's attack.
You closely miss Sigmund.
Sigmund is heavily wounded.
Sigmund points at you and mumbles some strange words.
The magic dart hits you!
You closely miss Sigmund.
Sigmund is heavily wounded.
Sigmund barely misses you.
You closely miss Sigmund.
Sigmund is heavily wounded.
Sigmund hits you with a vampiric scythe!
You die...

#.# ##...##### >.#
#..........#
#.#####....#####.#
#.......#.## #.#
#.#######.# #.#
..# #)# #.# #.#
#.# #.# #.#
#.######@# ..#
#.....##@# ###
#####.##.# #.##.#
#.##.# #.##.#
#.#[.# #..#.##
#.#...# ########
#....##


You could see Sigmund.

Vanquished Creatures
  3 adders (D:2)
  2 oozes (D:2)
  6 bats
  2 giant cockroaches
  3 hobgoblins (D:2)
  2 frilled lizards
  7 goblins
  3 kobolds
  2 rats
30 creatures vanquished.

Notes
Turn   | Place    | Note
-------+----------+-------------------------------------------
     0 | D:1      | NoAnimeNoLife the Gargoyle Fighter began the quest for the Orb.
     0 | D:1      | Reached XP level 1. HP: 14/14 MP: 1/1
   225 | D:1      | Reached XP level 2. HP: 19/19 MP: 2/2
   982 | D:2      | Reached XP level 3. HP: 22/23 MP: 3/3
  1159 | D:2      | Reached XP level 4. HP: 28/28 MP: 4/4
  1437 | D:2      | Noticed Sigmund
  1455 | D:2      | Slain by Sigmund

Skill      XL: |  1  2  3 |
---------------+----------+-----
Axes           | 2 3 |  3.5
Fighting       | |  3.5
Armour         | |  3.4
Shields        | |  3.4

Action                   |  1- 3 |  4- 6 || total
-------------------------+-------+-------++-------
Melee: War axe           |   102 |    14 ||   116
  Eat: Chunk             |       |     1 ||     1
Armor: Scale mail        |    70 |     1 ||    71
Dodge: Dodged            |    40 |     4 ||    44
Block: Shield            |    49 |     5 ||    54
